 Dungeon Sprint DCSS version 0.30-a0-830-gfe289a77b0 (webtiles) character file.

Game seed: 14245089076644906786

476 PLAYERX the Skirmisher (level 6, -2/52 HPs)
             Began as a Minotaur Hunter on Feb 28, 2023.
             Was a Follower of Hepliaklqana.
             Slain by a draconian
             ... wielding a +0 whip
              (10 damage)
             ... in the Dungeon (Sprint V: "Ziggurat Sprint").
             The game lasted 00:05:47 (225 turns).

PLAYERX the Skirmisher (Minotaur Hunter)             Turns: 225, Time: 00:05:48

Health: -2/52      AC: 18    Str: 16    XL:     6   Next: 84%
Magic:  7/7        EV:  2    Int:  6    God:    Hepliaklqana [*.....]
Gold:   0          SH:  0    Dex: 15    Spells: 5/5 levels left

rFire   + . .      SeeInvis +    a - +27 heavy crossbow "Sniper" {heavy, Acc+∞ SInv}
rCold   + . .      Faith    .    (shield currently unavailable)
rNeg    . . .      Spirit   .    c - +5 gold dragon scales
rPois   +          Reflect  .    (helmet restricted)
rElec   .          Harm     .    (no cloak)
rCorr   .          Rampage  .    (no gloves)
Will    .....      NoTele   +    (no boots) Stlth
                                 (no amulet)
HPRegen 0.28/turn                (no ring)
MPRegen 0.10/turn                (no ring)

@: no status effects
A: reduced essence, horns 2, retaliatory headbutt
a: Renounce Religion, Recall Ancestor, Ancestor Identity


You were in the Dungeon.
You worshipped Hepliaklqana.
Hepliaklqana was aware of your devotion.
You visited 1 branch

Inventory:

Hand Weapons
 a - the +27 heavy crossbow "Sniper" (weapon) {heavy, Acc+∞ SInv}
   (You found it in the Dungeon)

   Acc+∞: It never misses its target.
   SInv:      It lets you see invisible.
Armour
 c - +5 gold dragon scales (worn)
Jewellery
 s - a ring of flight
 t - a +6 ring of dexterity
 u - a +6 ring of dexterity
Wands
 z - a wand of mindburst (7)
 A - a wand of iceblast (7)
 B - a wand of quicksilver (7)
Scrolls
 b - a scroll of immolation
 i - 4 scrolls of blinking
 p - 7 scrolls of fog
 q - 5 scrolls of identify
 r - 2 scrolls of fear
Potions
 d - 10 potions of curing
 e - 7 potions of heal wounds
 f - 6 potions of haste
 g - 7 potions of magic
 h - 3 potions of berserk rage
 j - 2 potions of brilliance
 k - 2 potions of invisibility
 l - 4 potions of resistance
 n - 5 potions of might
Miscellaneous
 m - a piece from Xom's chessboard (15/15)
 C - a lightning rod (4/4)


   Skills:
 + Level 6.6 Fighting
 + Level 14.0 Ranged Weapons
 + Level 2.8 Armour
 + Level 5.9 Dodging
 + Level 1.1 Stealth
 + Level 3.4 Invocations


You had 5 spell levels left.
You didn't know any spells.
Your spell library was empty.

Dungeon Overview and Level Annotations

Branches:
Dungeon (1/1)

Altars:
Ashenzari
Cheibriados
Dithmenos
Elyvilon
Fedhas
Gozag
Hepliaklqana
Kikubaaqudgha
Makhleb
Nemelex Xobeh
Okawaru
Qazlal
Ru
Sif Muna
Trog
Uskayaw
Vehumet
Wu Jian
Xom
Yredelemnul
Zin
The Shining One
Jiyva
Lugonu

Annotations:
D 1 transporter


Innate Abilities, Weirdness & Mutations

Your life essence is reduced to manifest your ancestor. (-10% HP)
You have a pair of horns on your head.
You reflexively headbutt those who attack you in melee.


Message History

* * * LOW HITPOINT WARNING * * *
The draconian hits you with a +0 whip.
* * * LOW HITPOINT WARNING * * *
The draconian hits you with a +0 short sword.
* * * LOW HITPOINT WARNING * * *
You are too injured to fight recklessly!
You feel much better.
PLAYERZ hits the white draconian but does no damage.
The draconian hits you with a +0 whip!
The white draconian breathes frost at you.
The blast of cold hits you! You resist.
* * * LOW HITPOINT WARNING * * *
The draconian completely misses you. You furiously retaliate!
You headbutt the draconian.
The draconian hits you but does no damage.
You feel much better.
PLAYERZ closely misses the white draconian.
The draconian hits you with a +0 whip. The white draconian barely misses you.
The draconian hits you with a +0 short sword.
The draconian hits you but does no damage.
You feel much better.
PLAYERZ hits the white draconian but does no damage.
The white draconian hits you but does no damage.
The draconian hits you but does no damage.
The draconian hits you with a +0 short sword!
The draconian hits you with a +0 short sword.
You shoot a bolt. The bolt hits the draconian!!!
You kill the draconian!
PLAYERZ barely misses the white draconian.
The draconian hits you but does no damage.
The white draconian hits you from afar with a +0 glaive!
The draconian hits you with a +0 short sword!
PLAYERZ hits the white draconian.
The draconian hits you but does no damage.
The white draconian hits you from afar with a +0 glaive!
* * * LOW HITPOINT WARNING * * *
The draconian hits you but does no damage.
PLAYERZ hits the white draconian but does no damage.
The draconian hits you with a +0 whip!
You die...

▓▓▓▓▓▓▓▓▓▓▓▓▓▓▓▓▓▓▓
▓.8©8.▓.8©8.▓.8©8.▓
▓.))=.▓.})).▓.....▓
▓..)..▓.....▓...).▓
▓...R.▓.†...▓.....▓
▓..d..▓.....▓..†..▓
▓.d.d.▓..†..▓..©..▓
▓..@).▓..©..▓▓▓▓▓▓▓
▓▓▓▓▓▓▓▓▓▓▓▓▓


You could see the friendly PLAYERZ the ancestor, a white draconian (ally target)
and 2 draconians.

Vanquished Creatures
  A draconian (D)
  A tarantella (D)
  2 water moccasins (D)
  A scorpion (D)
5 creatures vanquished.

Vanquished Creatures (collateral kills)
  An adder (D)
1 creature vanquished.

Grand Total: 6 creatures vanquished

Notes
Turn   | Place    | Note
-------+----------+-------------------------------------------
     0 | D        | PLAYERX the Minotaur Hunter began the quest for the Orb.
     0 | D        | Reached XP level 1. HP: 18/18 MP: 0/0
     0 | D        | Found a shimmering blue altar of Sif Muna.
     0 | D        | Found a sacrificial altar of Ru.
     0 | D        | Found a bloodstained altar of Trog.
     0 | D        | Found a stormy altar of Qazlal.
     0 | D        | Found an iron altar of Okawaru.
     0 | D        | Found a sparkling altar of Nemelex Xobeh.
     0 | D        | Found a blossoming altar of Fedhas.
     0 | D        | Found the +6 Majin-Bo {spellvamp, MP+6 Int+6}
     0 | D        | Found the +27 heavy crossbow "Sniper" {heavy, Acc+∞ SInv}
     0 | D        | Found the +10 dark maul {heavy}
     0 | D        | Found the +15 Maxwell's patent armour {-Cast -Tele rElec
                  | Will+ rCorr}
     0 | D        | Found the +18 shield of the Gong {Loud rN+ Will+ rCorr
                  | EV-5}
     0 | D        | Found the +16 obsidian axe {drain, demonic, Mesm Drain Fly
                  | SInv}
     0 | D        | Found the +7 great mace "Firestarter" {flame, inner flame,
                  | rFlCloud rF++}
     0 | D        | Found the +6 shillelagh "Devastator" {shatter}
     0 | D        | Found the +11 plutonium sword {Contam Stlth-}
     0 | D        | Found the +8 lance "Wyrmbane" {slay drac, rPois rF+ rC+
                  | AC+3}
     0 | D        | Found the +9 sword of Zonguldrok {reap}
     0 | D        | Found the +13 scythe of Curses {drain, curses, Drain}
     0 | D        | Found the +9 sword of Power {lifebolt}
     0 | D        | Found the +7 mace of Variability {chaos, chain chaos}
     0 | D        | Found the +11 Singing Sword {sonic wave}
     0 | D        | Found the +8 storm bow {elec, penet}
     2 | D        | Found a transporter.
     2 | D        | Found an ancient bone altar of Kikubaaqudgha.
     2 | D        | Found a viscous altar of Jiyva.
     2 | D        | Found a corrupted altar of Lugonu.
     2 | D        | Found a hazy altar of Hepliaklqana.
     2 | D        | Found a burning altar of Makhleb.
     2 | D        | Found an opulent altar of Gozag.
    76 | D        | Became a worshipper of Hepliaklqana the Forgotten
    81 | D        | Reached skill level 5 in Fighting
    81 | D        | Reached skill level 6 in Ranged Weapons
    81 | D        | Reached XP level 2. HP: 29/29 MP: 0/3
   122 | D        | Entered arena 2.
   122 | D        | Noticed a tarantella
   122 | D        | Noticed a scorpion
   122 | D        | Found a transporter.
   123 | D        | Killed a tarantella
   124 | D        | Reached skill level 11 in Ranged Weapons
   124 | D        | Reached skill level 1 in Armour
   124 | D        | Reached skill level 5 in Dodging
   124 | D        | Reached skill level 1 in Stealth
   124 | D        | Reached XP level 3. HP: 35/37 MP: 4/4
   124 | D        | Reached XP level 4. HP: 42/44 MP: 5/5
   124 | D        | Reached XP level 5. HP: 48/50 MP: 6/6
   125 | D        | Reached skill level 12 in Ranged Weapons
   195 | D        | Entered arena 3.
   195 | D        | Noticed a water moccasin
   195 | D        | Noticed a water moccasin
   195 | D        | Reached * piety under Hepliaklqana
   195 | D        | Found a transporter.
   196 | D        | Killed a water moccasin
   197 | D        | Reached skill level 13 in Ranged Weapons
   197 | D        | Reached XP level 6. HP: 47/52 MP: 7/7
   197 | D        | Killed a water moccasin
   198 | D        | Reached skill level 14 in Ranged Weapons
   219 | D        | Entered arena 4.
   219 | D        | Noticed a draconian
   219 | D        | Noticed a draconian
   219 | D        | Noticed a white draconian
   219 | D        | Noticed a draconian
   219 | D        | Found a transporter.
   225 | D        | Killed a draconian
   225 | D        | Slain by a draconian

Illustrated notes

Levels and vault maps discovered:
D:        sprint_v [room_start, room_1, room_2, room_3, room_4, room_5, room_6,
          room_7, room_8, room_9, room_10, room_11, room_12, room_13, room_14,
          room_15, room_16, room_17, room_18, room_19, room_20, room_21,
          room_22, room_23, room_24, room_25, room_26, room_27]

Skill      XL: |  1  2  3  4  5  6 |
---------------+-------------------+-----
Fighting       | 5 6 |  6.6
Ranged Weapons | 6 11 13 14 | 14.0
Dodging        | 4 5 |  5.9
Invocations    | 3 |  3.4
Armour         | 1 2 |  2.8
Stealth        | 1 |  1.1

Action                     |  1- 3 |  4- 6 || total
---------------------------+-------+-------++-------
   Fire: Heavy crossbow    |     1 |     6 ||     7
 Invoke: Ancestor Identity |       |     1 ||     1
    Use: Potion            |     1 |     3 ||     4
 Armour: Gold dragon scale |     3 |    18 ||    21
  Dodge: Dodged            |     1 |     2 ||     3

Table legend: (Time is in decaauts)
 A = Elapsed time spent in this place.
 B = Non-inter-level travel time spent in this place.
 C = Inter-level travel time spent in this place.
 D = Time resting spent in this place.
 E = Time spent auto-exploring this place.
 F = Levels seen in this place.
 G = Mean time per level.
                   A        B        C        D        E       F      G
               +--------+--------+--------+--------+--------+-----+--------+
         Total |    242 |    242 |      0 |    102 |      0 |   1 |  242.0 |
       Dungeon |    242 |    242 |      0 |    102 |      0 |   1 |  242.0 |
               +--------+--------+--------+--------+--------+-----+--------+

Top non-repeatable levels by time:
       D: 242 daAuts
